 Dungeon Crawl Stone Soup version 0.28.0 (webtiles) character file.

Game seed: 9371424650555708025

2148 blackman the Destroyer (level 9, 0/62 HPs)
             Began as a Yellow Draconian Conjurer on Feb 4, 2022.
             Was a Follower of Vehumet.
             Slain by a kobold brigand (8 damage)
             ... in a bailey.
             The game lasted 00:49:14 (12643 turns).

blackman the Destroyer (Yellow Draconian Conjurer) Turns: 12643, Time: 00:49:14

Health: 0/62       AC: 11    Str: 11    XL:     9   Next: 9%
Magic:  0/17       EV: 12    Int: 22    God:    Vehumet [*.....]
Gold:   340        SH:  0    Dex:  9    Spells: 7/18 levels left

rFire   . . .      SeeInvis .   C - +2 short sword (elec)
rCold   . . .      Faith    .   (no shield)
rNeg    . . .      Spirit   +   (armour unavailable)
rPois   .          Reflect  .   (helmet restricted)
rElec   .          Harm     .   (no cloak)
rCorr   +          Rampage  .   l - +0 pair of gloves
Will    .....                   y - +2 pair of boots
Stlth   ++........              b - amulet of guardian spirit
HPRegen 0.20/turn               s - +4 ring of slaying
MPRegen 0.15/turn               (no ring)

@: lethally poisoned (0 -> -9), short of breath, slowed, very slow
A: spit acid, AC +7, unfitting armour, cold-blooded, acid resistance
a: Breathe Acid, Renounce Religion


You were in a bailey.
You worshipped Vehumet.
Vehumet was aware of your devotion.
You visited 2 branches of the dungeon, and saw 8 of its levels.
You also visited: Bailey.

You collected 502 gold pieces.
You spent 162 gold pieces at shops.

Inventory:

Hand Weapons
 a - a +0 hunting sling
 m - a +0 short sword
 C - a +2 short sword of electrocution (weapon)
 D - a +2 dagger of venom
Missiles
 p - 119 stones
 r - 6 javelins
 v - 5 datura-tipped darts
 A - 33 poisoned darts
Armour
 l - a +0 pair of gloves (worn)
 y - a +2 pair of boots (worn)
Jewellery
 b - an amulet of guardian spirit (around neck)
 s - a +4 ring of slaying (left hand)
Wands
 g - a wand of flame (16)
Scrolls
 c - a scroll of holy word
 d - a scroll of teleportation
 h - a scroll of immolation
 j - a scroll of amnesia
 k - 3 scrolls of noise {unknown}
 n - 2 scrolls of silence {unknown}
 o - a scroll of fear {unknown}
 q - a scroll of fog {unknown}
 u - a scroll of vulnerability {unknown}
 x - a scroll of blinking
 z - 3 scrolls of identify
Potions
 e - 2 potions of cancellation
 f - a potion of lignification
 i - 2 potions of attraction
 w - 2 potions of ambrosia
 B - a potion of berserk rage


   Skills:
 - Level 0.4 Short Blades
 - Level 1.7 Dodging
 - Level 1.7 Stealth
 - Level 5.4 Spellcasting
 * Level 11.3 Conjurations


You had 7 spell levels left.
You knew the following spells:

 Your Spells              Type           Power      Damage    Failure   Level
a - Magic Dart            Conj           100%       1d8       1%          1
b - Searing Ray           Conj           100%       2d8       1%          2
c - Fulminant Prism       Conj/Hex       15%        3d11      10%         4
d - Iskenderun's Mystic   Conj/Tloc      31%        2d8       10%         4

Your spell library contained the following spells:

 Spells                   Type           Power      Damage    Failure   Level
 Freeze                   Ice            20%        1d4       10%         1
 Dazzling Flash           Conj/Hex       62%        N/A       2%          3
 Animate Skeleton         Necr           10%        N/A       10%         1
 Apportation              Tloc           10%        N/A       10%         1
 Summon Small Mammal      Summ           20%        N/A       10%         1
 Gell's Gravitas          Tloc           5%         N/A       28%         3
 Lesser Beckoning         Tloc           5%         N/A       28%         3
 Teleport Other           Tloc           5%         N/A       28%         3
 Tukima's Dance           Hex            5%         N/A       28%         3
 Anguish                  Hex/Necr       2%         N/A       67%         4
 Enfeeble                 Hex            2%         N/A       100%        7


Dungeon Overview and Level Annotations

Branches:
Dungeon (7/15)             Temple (1/1) D:6          Bailey (1/1)

Altars:
Ashenzari
Dithmenos
Elyvilon
Hepliaklqana
Kikubaaqudgha
Makhleb
Nemelex Xobeh
Okawaru
Qazlal
Ru
Trog
Uskayaw
Vehumet
Wu Jian
Xom
Yredelemnul
Zin
The Shining One

Shops:
D:1 ?((!

Annotations:
D:6 3 runed translucent doors, Fractals's ghost, novice HuBr; Maggie


Innate Abilities, Weirdness & Mutations

You can spit globs of acid.
Your golden yellow scales are hard. (AC +7)
You cannot fit into any form of body armour.
You are cold-blooded and may be slowed by cold attacks.
You are resistant to acid. (rCorr)


Message History

You feel as though you will be slow longer.
The kobold brigand throws a poisoned dart.
The poisoned dart hits you!
You are more poisoned.
The kobold brigand throws a curare-tipped dart.
The curare-tipped dart hits you.
You are more poisoned.
You have difficulty breathing.
You feel as though you will be slow longer.
Casting: Searing Ray (safe; 1% risk of failure)
Confirm with . or Enter, or press ? or * to list all spells.
Aiming: Searing Ray (safe; 1% risk of failure)
Press: ? - help, Shift-Dir - straight line, f - kobold, p - kobold brigand
Aim: a kobold, quivering boomerangs (79% to hit)
The searing ray hits the kobold brigand!
The kobold brigand is heavily wounded.
The searing ray hits the kobold!
You kill the kobold!
Vehumet accepts your kill.
You feel your power returning. (Press . to maintain the ray.)
You feel extremely sick. The kobold brigand barely misses you.
Your magical contamination has completely faded away.
The searing ray hits the kobold brigand.
The kobold brigand is heavily wounded.
You feel very sick.
The kobold brigand hits you with a +0 war axe.
The kobold brigand hits you with a +0 war axe!
* * * LOW HITPOINT WARNING * * *
The kobold brigand misses you.
The searing ray hits the kobold brigand.
The kobold brigand is severely wounded.
The searing ray hits the kobold!
You kill the kobold!
Vehumet accepts your kill.
* * * LOW HITPOINT WARNING * * *
You feel very sick.
The kobold brigand hits you with a +0 war axe!
You die...

#######
##.....##
#...∩...#
#.@.....#
##KK∩..##
##(''## #(..#
#...# #((.#
#..(#
#≈.......≈#
#(≈.......≈≈#


You could see 2 kobold brigands.

Vanquished Creatures
  Eustachio (D:6)
  A steam dragon (D:5)
  3 water moccasins
  Duvessa (D:4)
  A black bear (D:4)
  2 orc warriors (D:6)
  3 sky beasts
  A phantom (D:6)
  3 kobold brigands
  A bullfrog (D:7)
  A scorpion (D:6)
  Dowan (D:4)
  A bullfrog zombie (D:5)
  A centaur zombie (D:7)
  A hound (D:7)
  2 orc priests (D:6)
  Terence (D:3)
  2 iguanas
  An orc wizard (D:6)
  A hound skeleton (D:5)
  A gnoll (D:1)
  A howler monkey skeleton (D:7)
  6 adders
  A white imp (D:4)
  A dart slug (D:1)
  17 orcs
  8 ball pythons
  4 bats
  6 endoplasms
  4 giant cockroaches
  A hobgoblin (D:3)
  3 frilled lizards
  18 goblins
  39 kobolds
  5 rats
144 creatures vanquished.

Vanquished Creatures (others)
  10 fulminant prisms
  51 plants (D:5)
61 creatures vanquished.

Grand Total: 205 creatures vanquished

Notes
Turn   | Place    | Note
-------+----------+-------------------------------------------
     0 | D:1      | blackman the Draconian Conjurer began the quest for the
                  | Orb.
     0 | D:1      | Reached XP level 1. HP: 14/14 MP: 3/3
    27 | D:1      | Reached XP level 2. HP: 4/20 MP: 0/5
  1375 | D:1      | Found Saty's Distillery.
  1381 | D:1      | Found Lucluet's Weapon Shop.
  1382 | D:1      | Found Qetac's Weapon Shoppe.
  1408 | D:1      | Reached XP level 3. HP: 26/26 MP: 4/6
  1459 | D:1      | Found Ixkoit's Magic Scroll Shop.
  1464 | D:1      | Reached skill level 5 in Conjurations
  2162 | D:2      | Found a faded altar of an unknown god.
  2306 | D:2      | Reached XP level 4. HP: 33/33 MP: 4/7
  3850 | D:3      | Reached skill level 6 in Conjurations
  4025 | D:3      | Noticed Terence
  4038 | D:3      | Killed Terence
  4039 | D:3      | Reached XP level 5. HP: 36/38 MP: 4/8
  4049 | D:3      | Learned a level 2 spell: Searing Ray
  4314 | D:4      | Noticed Duvessa
  4314 | D:4      | Noticed Dowan
  4325 | D:4      | Killed Duvessa
  4753 | D:4      | Killed Dowan
  4754 | D:4      | Reached skill level 7 in Conjurations
  4754 | D:4      | Reached XP level 6. HP: 32/45 MP: 0/9
  6224 | D:5      | Entered Level 5 of the Dungeon
  6407 | D:1      | Bought a scroll of identify for 26 gold pieces
  6407 | D:1      | Bought a scroll of teleportation for 39 gold pieces
  6407 | D:1      | Bought a scroll of blinking for 97 gold pieces
  6583 | D:5      | Reached skill level 8 in Conjurations
  6834 | D:5      | Noticed a sky beast
  6839 | D:5      | Killed a sky beast
  6840 | D:5      | Your scales start taking on a golden yellow colour.
  6840 | D:5      | Reached XP level 7. HP: 50/50 MP: 3/10
  6840 | D:5      | Gained mutation: You are resistant to acid. (rCorr) [Yellow
                  | Draconian growth]
  7032 | D:5      | Reached skill level 9 in Conjurations
  7571 | D:5      | Noticed a steam dragon
  7590 | D:5      | Killed a steam dragon
  7972 | D:5      | Reached skill level 10 in Conjurations
  7972 | D:5      | Reached XP level 8. HP: 57/57 MP: 4/11
  8546 | D:5      | Identified the +3 dire flail of Ziorr {vorpal, *Noise rN+
                  | Stlth+}
  9109 | D:6      | Identified the +1 robe of the Miller {rElec rC+ Int-3}
  9137 | D:6      | Noticed Eustachio
  9154 | D:6      | Killed Eustachio
  9713 | D:6      | Found a runed translucent gate.
  9713 | D:6      | Found a runed translucent gate.
  9715 | D:6      | Found a runed translucent gate.
  9719 | D:6      | Noticed Fractals's ghost (novice HuBr)
  9812 | D:6      | Reached skill level 5 in Spellcasting
  9999 | D:6      | Found a staircase to the Ecumenical Temple.
 10017 | Temple   | Entered the Ecumenical Temple
 10077 | Temple   | Became a worshipper of Vehumet
 11064 | D:6      | Learned a level 4 spell: Fulminant Prism
 11069 | D:6      | Learned a level 4 spell: Iskenderun's Mystic Blast
 11468 | D:6      | Noticed Maggie
 12307 | D:7      | Reached skill level 11 in Conjurations
 12307 | D:7      | Reached XP level 9. HP: 54/62 MP: 7/17
 12521 | D:7      | Found a flagged portal.
 12616 | Bailey   | Entered a bailey
 12637 | Bailey   | Reached * piety under Vehumet
 12637 | Bailey   | Offered knowledge of Freeze by Vehumet.
 12643 | Bailey   | Slain by a kobold brigand

Illustrated notes

Levels and vault maps discovered:
D:1:      dpeg_arrival_three_smaller_balls, layout_rooms, serial_shops, shop,
          shop, nicolae_shop_statue_plus, shop, hangedman_feature_mirror
D:2:      layout_rooms, shapermc_ecumenical_altar_venn, serial_co_window_serial,
          co_window_paths_b, co_window_paths_a, co_window_paths_b,
          co_window_corner_a, co_window_paths_a, co_window_unsneaky_path_a,
          co_window_paths_c, co_window_paths_c, glass_columns_c
D:3:      layout_basic, serial_bayou_pond_e, uniq_terence
D:4:      layout_basic, uniq_duvessa
D:5:      kennysheep_kobold_camp, layout_layer_cave
D:6:      layout_basic, minmay_temple_entry_offerings,
          gammafunk_ghost_necromancy, uniq_eustachio, uniq_maggie
D:7:      layout_loops_ring, enter_bailey_5
Temple:   dpeg_three_leaves_temple
Bailey:   bailey_axe_3, bailey

Skill      XL: |  1  2  3  4  5  6  7  8 |
---------------+-------------------------+-----
Conjurations   | 5 6 7 8 10 11 | 11.3
Spellcasting   | 5 |  5.4
Short Blades   | |  0.4
Dodging        | |  1.7
Stealth        | |  1.7

Action                   |  1- 3 |  4- 6 |  7- 9 || total
-------------------------+-------+-------+-------++-------
Melee: Tailslap          |     3 |     2 |     4 ||     9
       Unarmed           |     1 |       |       ||     1
       Dagger            |    29 |    11 |    11 ||    51
       Punch             |     1 |       |       ||     1
       Short sword       |       |    10 |    35 ||    45
Throw: Dart              |       |       |     4 ||     4
       Javelin           |       |       |     2 ||     2
 Cast: Magic Dart        |    65 |    57 |    67 ||   189
       Searing Ray       |       |     8 |    29 ||    37
       Fulminant Prism   |       |       |    10 ||    10
 Abil: Breathe Acid      |       |       |     7 ||     7
  Use: Potion            |     1 |     5 |     3 ||     9
       Scroll            |       |     5 |     3 ||     8
Armor: Skin              |     9 |    15 |    43 ||    67
Dodge: Dodged            |    11 |    33 |    66 ||   110
